[Event "44th Chess Olympiad Open 2022"]
[Site "Chennai"]
[Date "2022.07.31"]
[Round "3.65"]
[White "Bobby Ballah"]
[Black "Ribbegren, Karl Johan"]
[Result "0-1"]
[WhiteElo "1916"]
[BlackElo "2198"]
[Annotator "RC"]
[PlyCount "158"]
[EventDate "2022.??.??"]
[TimeControl "60"]

1. e4 g6 2. d4 d6 3. Nc3 c6 4. f4 d5 5. e5 Nh6 6. Nf3 Bg4 7. Be2 e6 8. O-O Nf5 9. Ng5 Bxe2 10. Nxe2 h6 11. Nf3 h5 12. Qd3 Qb6 13. c3 Be7 14. Ng5 Nd7 15.
Kh1 h4 16. Ng1 c5 17. N1f3 Rc8 18. Be3 Kf8 19. b3 Kg7 20. Bf2 a6 21. dxc5 Bxc5 22. Nd4 Bxd4 23. Bxd4 Qa5 24. Rfc1 Qa3 25. Rc2 Nc5 26. Bxc5 Qxc5 27. c4 b5 28. Rac1 bxc4 29. bxc4 Ne3 30. Rc3 d4 31. Rb3 h3 32. Ne4 hxg2+ 33. Kg1 Qe7 34. Nf6 Qc5 35. Rb7 Rh3 36. Ne4 Qc6 37. Rxf7+ Kxf7 38. Ng5+ Kg7 39. Nxh3 Rf8 40. Qxd4 Qf3 41. Qd7+ Kh6 42. Qh7+ Kxh7 43. Ng5+ Kg8 44. Nxf3 Rxf4 45. Kf2 Nxc4 46. Kxg2 Re4 47. Kg3 Nxe5 48. Rc5 Nxf3 49. Kxf3 Ra4 50. Rc2 Kf7 51. Re2 Kf6 52. Rc2 Kf5 53. Ke3 g5 54. Rf2+ Ke5 55. Rc2 Ra3+ 56. Ke2 Rh3 57. Kf1 Ke4 58. Rc6 e5 59. Rxa6 Rxh2 60. Ra4+ Kf3 61. Ra3+ Kf4 62. Ra8 g4 63. Kg1 Rb2 64. Ra3 e4 65. Kf1 g3 66. Kg1 Rf2 67.
Ra8 e3 68. Rf8+ Ke4 69. Re8+ Kd4 70. Rd8+ Kc3 71. Rg8 Rxa2 72. Rxg3 Kd2 73. Rg8 Kd1 74. Rd8+ Rd2 75. Ra8 Ke2 76. Re8 Rd5 77. Rg8 Rf5 78. Rg7 Ke1 79. Re7 Rg5+ 0-1

[Event "44th Chess Olympiad Open 2022"]
[Site "Chennai"]
[Date "2022.07.31"]
[Round "3.65"]
[White "Joel O. Ebiekuta"]
[Black "Van Hoolandt, Patrick"]
[Result "1-0"]
[WhiteElo "1848"]
[BlackElo "2044"]
[Annotator "NA RC"]
[PlyCount "125"]
[EventDate "2022.??.??"]
[TimeControl "60"]

1. e4 e5 2. Nf3 Nc6 3. Bb5 Nf6 4. O-O Nxe4 5. Re1 Nd6 6.
Nxe5 Be7 7. Bf1 Nxe5 8. Rxe5 O-O 9. d4 Bf6 10. Re1 Nf5 11.
c3 d5 12. Nd2 c6 13. Nf3 Be6 14. Bf4 Re8 15. Qc2 Nh4 16. Nxh4 Bxh4 17. Bd3 h6 18. Re3 Bd7 19. Rae1 Rxe3 20. Rxe3 Qf8 21. Qb3 b6 22. Qd1 Re8 23. Qh5 Rxe3 24. Bxe3 Qe7 25. g3 Bg5 26. Bxg5 Qxg5 27. Qxg5 hxg5 28. f3 Kf8 29. Kf2 Ke7 30. Ke3 Kf6 31. g4 Bc8 32. Bc2 Ba6 33. Ba4 Bb7 34. b4 g6 35. Bc2 Ke6 36. f4 gxf4+ 37. Kxf4 Kf6 38. h4 Bc8 39. Bd3 Bd7 40. Be2 a5 41. bxa5 bxa5 42. g5+ Ke7 43.
Ke5 Bh3 44. a3 Be6 45. Ba6 Bg4 46. Bd3 Bc8 47. Be2 Bb7 48. Bd1 Bc8 49. Bb3 Bd7 50. c4 dxc4 51. Bxc4 Bh3 52. d5 cxd5 53. Kxd5 f5 54. Be2 Bg2+ 55. Ke5 Kf7 56. h5 Kg7 57. h6+ Kh7 58. Bc4 Be4 59. Kf6 Bc2 60. Bd5 a4 61. Bc6 Bd3 62. Bxa4 Be4 63. Be8 1-0

[Event "44th Chess Olympiad Open 2022"]
[Site "Chennai"]
[Date "2022.07.31"]
[Round "3.66"]
[White "Kawuma, Patrick"]
[Black "Alegre, Fabio Costa"]
[Result "1-0"]
[WhiteElo "2270"]
[BlackElo "1809"]
[Annotator "RC"]
[PlyCount "82"]
[EventDate "2022.??.??"]
[TimeControl "60"]

1. c4 e6 2. Nc3 Nf6 3. e4 d5 4. e5 d4 5. exf6 dxc3 6. bxc3 Qxf6 7. Nf3 b6 8. Be2 Bb7 9. d4 h6 10. a4 c5 11. a5 Bd6 12. O-O O-O 13. Rb1 Be4 14. axb6 Bxb1 15. b7 Be4 16. bxa8=Q Bxa8 17. Be3 Rd8 18. Qa4 Qe7 19. Ra1 Rd7 20. Qb5 Rb7 21. Qa4 Rc7 22. Rd1 Nd7 23. Qa2 Be4 24. Nd2 Bg6 25. Qa6 e5 26. Nf3 e4 27. Nd2 Kh7 28. Nb3 f5 29. dxc5 Be5 30.
Bd4 Nb8 31. Qa2 f4 32. Bf1 Nd7 33. Qd2 Qg5 34. Re1 e3 35. fxe3 f3 36. Qf2 Rc6 37. Nd2 Bh5 38. Bd3+ g6 39. Be4 Rxc5 40. Bxf3 Bxd4 41. cxd4 Rf5 1-0

[Event "44th Chess Olympiad Open 2022"]
[Site "Chennai"]
[Date "2022.07.31"]
[Round "3.66"]
[White "Egesa emmanuel"]
[Black "Lima, Osvaldo Dos Santos"]
[Result "1-0"]
[WhiteElo "2152"]
[BlackElo "1863"]
[Annotator "ChessBase"]
[PlyCount "41"]
[EventDate "2022.??.??"]
[TimeControl "60"]

1. d4 g6 2. e4 Bg7 3. Be3 d6 4. Nc3 Nf6 5. Qd2 O-O 6. O-O-O a6 7. Bh6 b5 8. f3 b4 9. Nce2 a5 10. h4 Nc6 11. h5 Bxh6 12. Qxh6 e5 13.
g4 Bxg4 14. hxg6 Bd7 15. g7 Re8 16. Nh3 Nxe4 17. fxe4 Re6 18. Qh5 Rg6 19. Rg1 Qf6 20. Rg2 Rg4 21. Rxg4 1-0

[Event "44th Chess Olympiad Open 2022"]
[Site "Chennai"]
[Date "2022.07.31"]
[Round "3.66"]
[White "Pereira, Sergio Murilo de Ar"]
[Black "Wanyama, Harold"]
[Result "0-1"]
[WhiteElo "2093"]
[BlackElo "2242"]
[Annotator "RC"]
[PlyCount "87"]
[EventDate "2022.??.??"]
[TimeControl "60"]

1. e4 c5 2. c3 Nf6 3. e5 Nd5 4. d4 cxd4 5. Nf3 e6 6. cxd4 Qc7 7. Bd2 b6 8. Nc3 Nxc3 9. Bxc3 Bb7 10. Bd3 d6 11. O-O Nd7 12. Rc1 Qd8 13. Bb4 dxe5 14. Bxf8 Kxf8 15. Bb5 exd4 16. Qxd4 Bxf3 17. Qxd7 Qxd7 18.
Bxd7 Bd5 19. Bc6 Bxc6 20. Rxc6 g6 21. Rc7 Kg7 22. Re1 Rhc8 23.
Rb7 Rc2 24. g3 Rxb2 25. Rxe6 Rxa2 26. Ree7 Rf8 27. Rxa7 Rxa7 28. Rxa7 Rb8 29. Kf1 b5 30. Ke2 b4 31. Kd2 b3 32. Ra1 Rc8 33. Rb1 Rc2+ 34. Ke3 b2 35. h4 h5 36. f3 Rh2 37. Kf4 Kf6 38.
Re1 Rc2 39. Rb1 Rc4+ 40. Ke3 Rc3+ 41. Ke4 Rb3 42. Kf4 Rb4+ 43. Ke3 Ke5 44. f4+ 0-1

[Event "44th Chess Olympiad Open 2022"]
[Site "Chennai"]
[Date "2022.07.31"]
[Round "3.66"]
[White "Espirito Santo, Waldyr"]
[Black "Okas, Walter"]
[Result "0-1"]
[WhiteElo "1922"]
[BlackElo "2191"]
[Annotator "RC"]
[PlyCount "62"]
[EventDate "2022.??.??"]
[TimeControl "60"]

1. e4 c6 2. d4 d5 3. Nd2 dxe4 4. Nxe4 Nf6 5. Nxf6+ exf6 6. Bc4 Bd6 7. Ne2 O-O 8. Be3 Nd7 9. Nc3 f5 10. Qf3 Qa5 11. O-O-O Nf6 12. h3 Bd7 13. d5 c5 14. Bd2 Qc7 15. Bg5 Ne4 16. Nxe4 fxe4 17. Qxe4 b5 18. Bd3 f5 19. Qh4 c4 20. Be2 c3 21. b3 a5 22. Kb1 b4 23.
Qc4 Qb7 24. Bf4 Rfc8 25. Bxd6 Rxc4 26. Bxc4 Bb5 27. Rhe1 a4 28. Re7 Qa6 29. Be5 axb3 30. Rxg7+ Kf8 31. Bxb3 Qa3 0-1

[Event "44th Chess Olympiad Open 2022"]
[Site "Chennai"]
[Date "2022.07.31"]
[Round "3.67"]
[White "Harper, Ryan"]
[Black "Lau, Lut Yin Luke"]
[Result "1/2-1/2"]
[WhiteElo "2208"]
[BlackElo "2027"]
[Annotator "RC"]
[PlyCount "62"]
[EventDate "2022.??.??"]
[TimeControl "60"]

1. e4 e5 2. Nf3 Nf6 3. Nxe5 d6 4. Nf3 Nxe4 5. Qe2 Qe7 6.
d3 Nf6 7. Bg5 Qxe2+ 8. Bxe2 Be7 9. Nc3 h6 10. Bh4 O-O 11.
O-O-O c6 12. h3 Nbd7 13. g4 Nc5 14. Bg3 Re8 15. Nd4 Bf8 16.
f4 Ne6 17. Nxe6 Bxe6 18. Bf3 d5 19. f5 Bd7 20. Bf4 Bc5 21.
d4 Bb4 22. Be5 Bxc3 23. bxc3 Ne4 24. Bxe4 dxe4 25. c4 f6 26. Bf4 Kf7 27. Rhe1 h5 28. Kd2 hxg4 29. hxg4 g6 30. Rh1 Rh8 31. g5 fxg5 1/2-1/2

[Event "44th Chess Olympiad Open 2022"]
[Site "Chennai"]
[Date "2022.07.31"]
[Round "3.67"]
[White "Deng, Yu Dong Michael"]
[Black "Mc Intosh, Isaiah"]
[Result "1-0"]
[WhiteElo "2028"]
[BlackElo "2215"]
[Annotator "RC"]
[PlyCount "109"]
[EventDate "2022.??.??"]
[TimeControl "60"]

1. d4 d5 2. c4 e6 3. Nc3 Nf6 4. cxd5 exd5 5. Bg5 c6 6. e3 h6 7. Bh4 Be7 8. Bd3 O-O 9. Qc2 Re8 10. Nge2 Nbd7 11. O-O Ne4 12. Bxe7 Qxe7 13. Rab1 Ndf6 14. b4 Ng4 15. Nxe4 dxe4 16. Bc4 b5 17. Bb3 Qd6 18. Ng3 Be6 19. Rfc1 Bxb3 20. Rxb3 Re6 21. Rc3 a5 22. bxa5 Rxa5 23. h3 Nf6 24. Rc5 Ra4 25. Nf5 Qd7 26. g4 Ra6 27. Re5 Qe8 28.
Nd6 Qe7 29. Nf5 Qd8 30. Rxe6 fxe6 31. Qb3 Nd5 32. Ng3 Qh4 33. Kg2 b4 34. Qc4 Qf6 35. Nxe4 Qg6 36. Nf6+ gxf6 37. Qxa6 Qe4+ 38. Kh2 Qf3 39. Qf1 Nc3 40. Rc2 Qd5 41. Qg2 Qb5 42. f3 e5 43. Qd2 e4 44. fxe4 Qb8+ 45. Kg2 Nxe4 46. Qe1 Qd6 47. Rb2 Qd5 48. Rxb4 Nd2+ 49. e4 Nxe4 50. Qe3 Qxa2+ 51. Kf3 Ng5+ 52. Kg3 Ne6 53. Rb8+ Kg7 54. Rb7+ Kg8 55. Qxh6 1-0

[Event "44th Chess Olympiad Open 2022"]
[Site "Chennai"]
[Date "2022.07.31"]
[Round "3.67"]
[White "Munro, Allan"]
[Black "Nissinen, Niilo Man"]
[Result "1/2-1/2"]
[WhiteElo "2008"]
[BlackElo "1693"]
[Annotator "NA"]
[PlyCount "88"]
[EventDate "2022.??.??"]
[TimeControl "60"]

1. d4 Nf6 2. c4 g6 3. Nf3 Bg7 4. g3 O-O 5. Bg2 d5 6. O-O dxc4 7. Nc3 a6 8. a4 Nc6 9. h3 Na5 10. e4 Nb3 11. Ra3 Nxc1 12. Qxc1 Rb8 13. e5 Nd5 14. Nxd5 Qxd5 15. Rc3 b5 16. axb5 axb5 17. b3 Ba6 18. bxc4 bxc4 19. Qa3 Qb5 20. Ra1 Bb7 21. Qxe7 Qb2 22. Qa3 Bd5 23. Ne1 c6 24. Qxb2 Rxb2 25. Rc2 Rfb8 26. Rac1 Bf8 27. Bf1 Bh6 28. f4 R2b3 29. Kf2 g5 30. Bxc4 gxf4 31. g4 Bg5 32. Bxd5 cxd5 33. Nf3 Bd8 34. Rc8 Rb2+ 35. R1c2 Rxc2+ 36. Rxc2 Be7 37. Ke2 Rb3 38. h4 Kg7 39. h5 h6 40. Ra2 Rb5 41. Rc2 Rb7 42. Ra2 Rb5 43. Nd2 Bd8 44. Nf3 Be7 1/2-1/2

[Event "44th Chess Olympiad Open 2022"]
[Site "Chennai"]
[Date "2022.07.31"]
[Round "3.67"]
[White "Kwong, Wing Ki"]
[Black "Winter Atwell, Adrian"]
[Result "1/2-1/2"]
[WhiteElo "1824"]
[BlackElo "2250"]
[Annotator "RC"]
[PlyCount "131"]
[EventDate "2022.??.??"]
[TimeControl "60"]

1. d4 d5 2. c4 e6 3. Nc3 Nf6 4. Bg5 c5 5. e3 cxd4 6. exd4 dxc4 7. Bxc4 Be7 8.
Nf3 O-O 9. O-O Nbd7 10. Rc1 Nb6 11. Bd3 a6 12. Bb1 h6 13.
Bh4 Nbd5 14. a3 Bd7 15. Ne5 Be8 16. Qf3 Nxc3 17. bxc3 Nd5 18. Bxe7 Qxe7 19. c4 Nf6 20. Rfe1 Qc7 21. Qd3 g6 22. h4 Rd8 23. Qf3 Nh7 24. Qe3 Kg7 25. h5 Qe7 26. hxg6 fxg6 27. f4 Qh4 28.
Rf1 Nf6 29. Rf3 Ng4 30. Nxg4 Qxg4 31. Rcf1 Qh4 32. d5 exd5 33. f5 d4 34. f6+ Kh7 35. Qd2 Qg5 36. Qf2 Bf7 37. Rg3 Qc5 38.
Bd3 Rde8 39. Qc2 Rg8 40. Qf2 Ref8 41. Re1 Re8 42. Rf1 Re3 43. Rf3 Rge8 44. Qh4 Rxf3 45. Rxf3 Re3 46. Qg3 b5 47. cxb5 axb5 48. Kf2 Re5 49. Qf4 Qd5 50. Kg1 Rg5 51. Rf2 Re5 52. Rf3 Qc5 53. Kf2 Qd5 54. Kg1 Re1+ 55. Kf2 Re8 56. Rh3 h5 57. Qg4 Re5 58. Qf4 Rg5 59. Be4 Qc5 60. Bd3 Re5 61. g4 Qd5 62. Rxh5+ Rxh5 63. gxh5 Qxh5 64. Qxd4 Qh2+ 65. Kf1 Qh1+ 66. Kf2 1/2-1/2

[Event "44th Chess Olympiad Open 2022"]
[Site "Chennai"]
[Date "2022.07.31"]
[Round "3.68"]
[White "Xie, Felix"]
[Black "Salim Mohammed, Salim Al Amri"]
[Result "0-1"]
[WhiteElo "2224"]
[BlackElo "1917"]
[Annotator "RC"]
[PlyCount "100"]
[EventDate "2022.??.??"]
[TimeControl "60"]

1. d4 Nf6 2. c4 d6 3. Nc3 g6 4. e4 Bg7 5. h3 O-O 6. Be3 e5 7. d5 Nbd7 8. g4 Nc5 9. f3 a5 10. h4 h5 11. g5 Nfd7 12. Qd2 Qe7 13. Nge2 Rd8 14. b3 Nb6 15. Nc1 Bd7 16. Nd3 Be8 17. Nxc5 dxc5 18. Qf2 Bf8 19. Rb1 Nc8 20. Bh3 b6 21. Bxc8 Rdxc8 22. Ne2 a4 23. Nc1 axb3 24. axb3 c6 25. O-O cxd5 26. cxd5 Bb5 27. Rd1 Qd7 28. Nd3 Qe8 29. Qg3 Bxd3 30. Rxd3 Qb5 31. Rbd1 Ra1 32. Rxa1 Qxd3 33. Qe1 Rb8 34. Rb1 Ra8 35. Rd1 Qxb3 36. Rb1 Qd3 37. Rxb6 Ra3 38. Bf2 Qxf3 39. Rb8 Rd3 40. Rb1 Qg4+ 41. Kf1 Rh3 42. Bg1 Rf3+ 43. Bf2 Rh3 44. Bg1 Rxh4 45. Rb2 Qf4+ 46. Rf2 Qxe4 47. Re2 Rf4+ 48. Rf2 Qxd5 49. Bh2 Qh1+ 50. Bg1 Qh3+ 0-1

[Event "44th Chess Olympiad Open 2022"]
[Site "Chennai"]
[Date "2022.07.31"]
[Round "3.68"]
[White "Stark, John"]
[Black "Al Kathiri, Mana"]
[Result "1/2-1/2"]
[WhiteElo "2028"]
[BlackElo "1598"]
[Annotator "RC"]
[PlyCount "223"]
[EventDate "2022.??.??"]
[TimeControl "60"]

1. b3 d5 2. Bb2 Nf6 3. e3 Bf5 4. Nf3 e6 5. Be2 Be7 6. O-O h6 7. Ne5 Nbd7 8. f4 c6 9. g4 Bg6 10. Nxg6 fxg6 11. Bd3 Kf7 12. Qf3 Nc5 13. Be2 h5 14. g5 Nfd7 15. d3 Rf8 16. Qh3 Bd6 17.
Nd2 Rh8 18. Nf3 Qe7 19. Nh4 Nf8 20. Kh1 Re8 21. a4 a5 22.
Rf2 Kg8 23. Raf1 b6 24. Bd4 Ncd7 25. Qg2 Bc5 26. Bxc5 Qxc5 27. d4 Qxc2 28. f5 exf5 29. Nxf5 Qe4 30. Qxe4 Rxe4 31. Bd3 gxf5 32. Bxe4 fxe4 33. Rc1 Nb8 34. Rf5 Nfd7 35. h4 g6 36. Rf2 Kg7 37. Rcf1 Rf8 38. Kg2 Rxf2+ 39. Kxf2 Kf7 40. Ke2+ Ke7 41. Kd2 Na6 42. Kc3 Nb4 43. Rf2 c5 44. Rf1 Nc6 45. Rf2 cxd4+ 46. exd4 Nd8 47. b4 Nc6 48. bxa5 bxa5 49. Rf1 Nb4 50. Kd2 Nc6 51. Kc3 Nd8 52. Rb1 Ke6 53. Rb5 Nc6 54. Rb7 e3 55. Kd3 e2 56. Rb1 Kf5 57.
Re1 Nf8 58. Rxe2 Ne6 59. Rf2+ Kg4 60. Rf6 Ncxd4 61. Ke3 Kxh4 62. Rxg6 Kg3 63. Rf6 h4 64. g6 h3 65. g7 Nc2+ 66. Ke2 Nxg7 67. Rg6+ Kf4 68. Rxg7 h2 69. Rh7 Ke4 70. Rh4+ Ke5 71. Kd3 Ne1+ 72. Ke2 Nc2 73. Kd3 Ne1+ 74. Ke2 Nc2 75. Rxh2 Kd4 76. Kd2 Nb4 77. Rh4+ Kc5 78. Kc3 Nc6 79. Rh5 Nd4 80. Rh1 Nc6 81. Rh5 Nd4 82. Rh7 Nc6 83. Rb7 Kd6 84. Rb5 Ke5 85. Kd3 Nb4+ 86. Kc3 Nc6 87. Rc5 Kd6 88. Rb5 Ke5 89. Kd3 Nb4+ 90. Ke3 Nc6 91. Rb7 Kd6 92. Rb1 Kc5 93. Rc1+ Kd6 94. Kd3 Nb4+ 95. Kd4 Nc6+ 96. Ke3 Nb4 97. Rh1 Kc5 98. Rc1+ Kd6 99. Kd4 Nc6+ 100. Kc3 Nb4 101. Rh1 Nc6 102. Rh6+ Kc5 103. Rh5 Nb4 104. Rg5 Nc6 105. Rg6 Nb4 106. Rg5 Nc6 107. Kb3 Nd4+ 108. Kc3 Nc6 109. Rg1 Nb4 110. Rg5 Nc6 111. Rh5 Nb4 112. Rg5 1/2-1/2

[Event "44th Chess Olympiad Open 2022"]
[Site "Chennai"]
[Date "2022.07.31"]
[Round "3.68"]
[White "Al Maashani, Amer"]
[Black "Gong, Daniel Hanwen"]
[Result "0-1"]
[WhiteElo "1947"]
[BlackElo "2296"]
[Annotator "RC"]
[PlyCount "58"]
[EventDate "2022.??.??"]
[TimeControl "60"]

1. e4 c5 2. c3 d5 3. exd5 Qxd5 4. d4 e6 5. Nf3 Nf6 6. Be2 Be7 7. O-O O-O 8. Be3 cxd4 9. cxd4 Nc6 10. Nc3 Qd6 11. Nb5 Qd8 12. Ne5 Bd7 13. a3 Nd5 14. Qd2 Be8 15. Nc3 Nxe3 16. Qxe3 Nxd4 17. Bd3 Nc6 18. Rad1 Qb8 19. Qh3 g6 20. Ng4 Ne5 21. Nxe5 Qxe5 22. Rfe1 Qc7 23. Ne4 Bc6 24. Qh6 Rfd8 25. Ng3 Qa5 26. Qe3 Ba4 27. Rc1 Bg5 28. Rc5 Bxe3 29. Rxa5 Bd2 0-1

[Event "44th Chess Olympiad Open 2022"]
[Site "Chennai"]
[Date "2022.07.31"]
[Round "3.68"]
[White "Salim Issa, Ali Shamas"]
[Black "Duneas, John"]
[Result "1-0"]
[WhiteElo "1851"]
[BlackElo "2031"]
[Annotator "RC"]
[PlyCount "109"]
[EventDate "2022.??.??"]
[TimeControl "60"]

1. d4 d5 2. c4 c6 3. Nc3 Nf6 4. e3 e6 5. Nf3 Bd6 6. Bd3 O-O 7. O-O Nbd7 8.
Qc2 e5 9. cxd5 cxd5 10. dxe5 Nxe5 11. Be2 Nc6 12. a3 Qe7 13. Rd1 Rd8 14. b4 h6 15. Bb2 a6 16. Na4 Bc7 17. Rac1 Ne4 18.
Nc5 Nxc5 19. Qxc5 Qxc5 20. Rxc5 Be6 21. Nd4 Nxd4 22. Bxd4 Bd6 23. Rcc1 Rdc8 24. Bf3 a5 25. Bc5 Be5 26. bxa5 Rxa5 27. Bb4 Rxc1 28. Rxc1 Ra6 29. Rd1 Bb2 30. Rd3 Ra8 31. g4 f6 32. h3 Rd8 33. Kg2 Kf7 34. Bc5 Rd7 35. Bd1 Rc7 36. Bb4 f5 37. f3 fxg4 38.
hxg4 b6 39. f4 g6 40. Kg3 Bf6 41. Bb3 Rd7 42. e4 d4 43. e5 Bxb3 44. Rxb3 Be7 45. Bd2 Bc5 46. f5 Rd5 47. Kf4 d3 48. e6+ Ke7 49. Ke4 Rd4+ 50. Ke5 g5 51. f6+ Kf8 52. Kf5 Rd6 53. a4 Bf2 54. Bb4 Bc5 55.
Bxc5 1-0

[Event "44th Chess Olympiad Open 2022"]
[Site "Chennai"]
[Date "2022.07.31"]
[Round "3.69"]
[White "Myat Thiri Aung Kyaw"]
[Black "Samuel Merhawi Gebrehiwet"]
[Result "1-0"]
[WhiteElo "2120"]
[BlackElo "1616"]
[Annotator "NA"]
[PlyCount "104"]
[EventDate "2022.??.??"]
[TimeControl "60"]

1. e4 c5 2. Nf3 Nc6 3. d4 cxd4 4. Nxd4 Nf6 5. Nc3 d6 6. Nb3 g6 7. f3 Bg7 8. Be3 Be6 9. Qd2 O-O 10. g4 a5 11. Nd4 Nxd4 12. Bxd4 d5 13.
g5 Nh5 14. Bxg7 Kxg7 15. exd5 Bf5 16. O-O-O a4 17. a3 Qa5 18. Bd3 Bd7 19. Rhe1 Rfe8 20. Re4 Qc5 21. Rde1 e6 22. Qe3 Qxe3+ 23. R1xe3 exd5 24. Rxe8 Rxe8 25. Rxe8 Bxe8 26. Nxd5 Bc6 27. Be4 h6 28. h4 Ng3 29. Kd2 Nf5 30. Bxf5 Bxd5 31. Bd7 Bxf3 32. Ke3 Bd1 33. Bxa4 hxg5 34. hxg5 f6 35. Kf4 b6 36. b4 Kf7 37. Bb3+ Ke7 38. a4 Be2 39. Bd5 Bd1 40. Be4 f5 41. Bd3 Kd6 42. a5 bxa5 43.
bxa5 Kc5 44. a6 Kb6 45. Ke5 Bf3 46. c3 Bc6 47. Be2 Kc5 48.
Kf6 f4 49. Kxg6 f3 50. Bf1 f2 51. Kf6 Bb5 52. a7 Kb6 1-0

[Event "44th Chess Olympiad Open 2022"]
[Site "Chennai"]
[Date "2022.07.31"]
[Round "3.69"]
[White "Sai Han Thiha"]
[Black "Kibrom Weldegebriel Beraki"]
[Result "1-0"]
[WhiteElo "1974"]
[BlackElo "1793"]
[Annotator "NA RC"]
[PlyCount "89"]
[EventDate "2022.??.??"]
[TimeControl "60"]

1. Nf3 Nf6 2. b3 d6 3. d4 c5 4. e3 g6 5. Bb2 cxd4 6. Nxd4 Bg7 7. Be2 O-O 8. O-O Nc6 9. c4 a6 10. Nc3 Bd7 11. Qd2 Rc8 12. Rfe1 Re8 13.
Bf1 Na7 14. e4 Nc6 15. Nc2 Ne5 16. Kh1 Qb6 17. h3 Nh5 18. Nd5 Qd8 19. Bd4 e6 20. Nf4 Nxf4 21. Qxf4 Qe7 22. Rad1 h5 23. Qe3 Kh7 24. f4 Bh6 25. Qg3 Nc6 26. Bb2 e5 27. fxe5 dxe5 28. Ba3 Qd8 29. Qf2 Kg8 30. Rd3 Qc7 31. Bd6 Qa5 32. a4 Nd4 33. Bb4 Qc7 34. Nxd4 exd4 35. Qxd4 Bc6 36. Bc3 Kh7 37. e5 Bg7 38. Qf4 b5 39. axb5 axb5 40.
Rd6 bxc4 41. Bxc4 Bxe5 42. Rxe5 Qxd6 43. Rxh5+ gxh5 44. Qxf7+ Kh6 45. Qg7# 1-0

[Event "44th Chess Olympiad Open 2022"]
[Site "Chennai"]
[Date "2022.07.31"]
[Round "3.69"]
[White "Asante Debesai Zerabruk"]
[Black "Nay Lin Tun"]
[Result "0-1"]
[WhiteElo "1785"]
[BlackElo "2045"]
[Annotator "NA RC"]
[PlyCount "111"]
[EventDate "2022.??.??"]
[TimeControl "60"]

1. e4 c5 2. Nf3 d6 3. d3 Nc6 4. g3 g6 5. Bg2 Bg7 6. O-O Nf6 7. Re1 O-O 8.
Nbd2 Bd7 9. Nh4 e5 10. Nf1 Bg4 11. f3 Be6 12. f4 exf4 13. Bxf4 Ng4 14. Qd2 Bxb2 15. Rab1 Bd4+ 16. Be3 Nxe3 17. Nxe3 Rb8 18. c3 Bf6 19. Nf3 Qa5 20. Rec1 Qxa2 21. Rb2 Qa5 22. Nc4 Bxc4 23. dxc4 Qc7 24. Ne1 Ne5 25. Qe2 Qe7 26. h4 Qe6 27. Bf1 Qg4 28. Qxg4 Nxg4 29. Ng2 Rfe8 30. Bd3 Be5 31. Nf4 Bxf4 32. gxf4 Nf6 33. Re1 Re7 34. Kg2 Rbe8 35. Kf3 Nd7 36. Kg4 f5+ 37. exf5 Rxe1 38. fxg6 Rg1+ 39. Kf3 b6 40. gxh7+ Kh8 41. h5 Nf6 42. Bg6 Re7 43. Rd2 Rf1+ 44. Kg2 Rxf4 45. Rxd6 Nxh7 46. h6 Rg4+ 47. Kf3 Rxg6 48. Rxg6 Nf8 49. Rc6 Kh7 50. Kf4 Ng6+ 51. Kg5 Re5+ 52. Kf6 Kxh6 53. Rc7 Re7 54. Rc8 Re3 55. Rc6 Rxc3 56. Kf5 0-1

[Event "44th Chess Olympiad Open 2022"]
[Site "Chennai"]
[Date "2022.07.31"]
[Round "3.71"]
[White "Mansour, Sameer"]
[Black "dos Reis, Tito"]
[Result "1-0"]
[WhiteElo "2275"]
[BlackElo "1658"]
[Annotator "RC"]
[PlyCount "71"]
[EventDate "2022.??.??"]
[TimeControl "60"]

1. c4 d6 2. d4 Nf6 3. Nc3 c6 4. e4 Qa5 5. Bd3 e5 6. d5 Bg4 7. f3 Bd7 8. Be3 Be7 9. Nge2 a6 10. O-O c5 11. a3 b5 12. b4 Qc7 13. cxb5 c4 14. b6 Qc8 15.
Bxc4 Bd8 16. Qd3 Qb7 17. b5 Bxb6 18. Rfb1 Bxe3+ 19. Qxe3 axb5 20. Nxb5 Bxb5 21. Bxb5+ Ke7 22. Bc6 Qa7 23.
Rb7+ Qxb7 24. Bxb7 Ra5 25. Rc1 Nbd7 26. Rc7 Rb8 27. Bc6 h6 28. h4 Kd8 29. Ra7 Rc5 30. a4 Rb1+ 31. Kh2 Rb2 32. Bb5 Rcc2 33. Ra8+ Ke7 34. Qa7 Rxe2 35. Bxe2 Rxe2 36. Qc7 1-0

[Event "44th Chess Olympiad Open 2022"]
[Site "Chennai"]
[Date "2022.07.31"]
[Round "3.71"]
[White "Aboudi, Marwan"]
[Black "de Araujo, Helder"]
[Result "0-1"]
[WhiteElo "2144"]
[BlackElo "1742"]
[Annotator "NA"]
[PlyCount "66"]
[EventDate "2022.??.??"]
[TimeControl "60"]

1. d4 Nf6 2. Nf3 e6 3. c4 d5 4. Nc3 Be7 5. Bg5 b6 6. e3 O-O 7. cxd5 exd5 8. Be2 Bb7 9. O-O Nbd7 10. Rc1 c5 11. dxc5 Nxc5 12. Nd4 Nfe4 13. Bxe7 Qxe7 14. Bb5 Rac8 15. Qg4 a6 16. Be2 Qf6 17. Qf5 Nxc3 18. Rxc3 Qe7 19. Rfc1 g6 20. Qf4 Ne4 21. Rxc8 Rxc8 22. Rxc8+ Bxc8 23. Qb8 Qc5 24. h3 Qc1+ 25. Kh2 Nxf2 26. Bxa6 Qh1+ 27. Kg3 Ne4+ 28. Kf3 Qd1+ 29. Be2 Qe1 30. Qxc8+ Kg7 31. Ne6+ fxe6 32. Qc7+ Kh6 33. Qf4+ Ng5+ 0-1

[Event "44th Chess Olympiad Open 2022"]
[Site "Chennai"]
[Date "2022.07.31"]
[Round "3.71"]
[White "da Conceicao, Marcos"]
[Black "Ibrahim Alwahsh"]
[Result "0-1"]
[WhiteElo "1713"]
[BlackElo "2058"]
[Annotator "NA"]
[PlyCount "88"]
[EventDate "2022.??.??"]
[TimeControl "60"]

1. d4 Nf6 2. Bf4 g6 3. e3 d6 4. Bd3 Bg7 5. Nf3 Nh5 6. Bg3 Nxg3 7. hxg3 e6 8. Nc3 Nc6 9. a3 Bd7 10. Qd2 a6 11. Nh2 f5 12. g4 f4 13. Nf3 fxe3 14. fxe3 Ne7 15. O-O-O h6 16. Rdf1 O-O 17. e4 g5 18. e5 Nc6 19. Qe3 d5 20. Bg6 Be8 21. Qd3 Rf4 22. Ne2 Rxg4 23. Nh2 Rxg2 24. Bxe8 Qxe8 25. Qf3 Rxe2 26. Qxe2 Nxd4 27. Qe3 Nf5 28. Qe1 Qg6 29. Ng4 Rf8 30. Qc3 Rf7 31. Rf2 h5 32. Nh2 g4 33. Rg2 Nh4 34. Rg3 Qg5+ 35.
Kb1 Bxe5 36. Qe1 Bxg3 37. Qxg3 Ng6 38. Re1 e5 39. Qb3 c6 40. Nf1 h4 41. Qb4 g3 42. Ne3 h3 43. Qc5 d4 44. Nc4 g2 0-1

[Event "44th Chess Olympiad Open 2022"]
[Site "Chennai"]
[Date "2022.07.31"]
[Round "3.71"]
[White "Guterres, Cosme"]
[Black "Ahmad, Al Khatib"]
[Result "0-1"]
[WhiteElo "1692"]
[BlackElo "2244"]
[Annotator "RC"]
[PlyCount "112"]
[EventDate "2022.??.??"]
[TimeControl "60"]

1. d4 d5 2. Nf3 Nf6 3. Bf4 c5 4. e3 Nc6 5. c3 Qb6 6. Qc1 Bf5 7. Nbd2 e6 8. Be2 Be7 9. O-O h6 10. Re1 O-O 11. Bg3 Rac8 12. a3 Bh7 13.
Kh1 Rfd8 14. h3 a6 15. Kg1 Ne8 16. Bf1 Nd6 17. Be2 cxd4 18. exd4 Nf5 19. Bd3 Nxg3 20. Bxh7+ Kxh7 21. fxg3 Kg8 22. Qb1 Bd6 23. Nf1 e5 24. Kh1 exd4 25. cxd4 Nxd4 26. Nxd4 Qxd4 27. Re2 g6 28. Qe1 Qf6 29. Ne3 Qg5 30. Nf1 Bf8 31. Rd1 d4 32. Red2 Bg7 33. Nh2 d3 34. Nf3 Qb5 35. Qe4 Bxb2 36. Rxd3 Rxd3 37. Rxd3 Re8 38. Qd5 Qxd5 39. Rxd5 Bxa3 40. Rd7 Re7 41. Rd3 Bc5 42. g4 a5 43. Nd2 Re1+ 44. Kh2 Rd1 45. Kg3 Bb4 46. Kf3 Rxd2 47. Re3 a4 48. Re4 Rb2 49. h4 Rb3+ 50. Ke2 a3 51. Re8+ Kg7 52. Ra8 b6 53. Rc8 Rc3 54. Rd8 Rc1 55.
Rd3 a2 56. Rb3 Bc5 0-1

[Event "44th Chess Olympiad Open 2022"]
[Site "Chennai"]
[Date "2022.07.31"]
[Round "3.72"]
[White "Iclicki, Willy"]
[Black "Masiala Mayuku, Eddy"]
[Result "1-0"]
[WhiteElo "1975"]
[BlackElo "1574"]
[Annotator "NA RC"]
[PlyCount "77"]
[EventDate "2022.??.??"]
[TimeControl "60"]

1. d4 e6 2. c4 Bb4+ 3. Nd2 Be7 4. e3 Nf6 5. Bd3 b6 6. Ngf3 Bb7 7. b3 Nc6 8. Bb2 Nb4 9. Bb1 a5 10. a3 Nc6 11. O-O d5 12. Bd3 Nb8 13.
Qc2 Nbd7 14. Rfe1 Ng4 15. e4 c6 16. Re2 Ndf6 17. Rae1 O-O 18. h3 Nh6 19. e5 Nh5 20. Bxh7+ Kh8 21. g3 Bc8 22. Bd3 f5 23. Nf1 Bg5 24. Bc1 Nf7 25. N1h2 g6 26. Nxg5 Nxg5 27. Bxg5 Qxg5 28. Qd2 Qxd2 29. Rxd2 Kh7 30. Nf3 Bd7 31. cxd5 cxd5 32. Rc2 Kh6 33. Rc7 Bc8 34. h4 Rg8 35. Ng5 Ng7 36. Rec1 Kh5 37. Nf7 f4 38. Be2+ f3 39. Bxf3# 1-0